 Dungeon Crawl Stone Soup version 0.30.0-5-g1a98f26d00 (webtiles) character file.

Game seed: 18102526458776869008

1 SnakkuSnakku7 the Sneak (level 1, -1/13 HPs)
             Began as a Vampire Hedge Wizard on May 12, 2023.
             Slain by a goblin
             ... wielding a +0 club
              (4 damage)
             ... on level 1 of the Dungeon.
             The game lasted 00:00:19 (43 turns).

SnakkuSnakku7 the Sneak (Vampire Hedge Wizard)        Turns: 43, Time: 00:00:19

Health: -1/13      AC:  2    Str:  9    XL:     1   Next: 16%
Magic:  4/4        EV: 12    Int: 16    God:
Gold:   0          SH:  0    Dex: 13    Spells: 5/6 levels left

rFire   . . .        a - +0 dagger
rCold   . . .        (no shield)
rNeg    . . .        b - +0 robe
rPois   .            c - +0 hat
rElec   .            (no cloak)
rCorr   .            (no gloves)
SInv    +            (no boots)
Will    .....        (no amulet)
Stlth   ++           (no ring)
HPRegen 0.42/turn    (no ring)
MPRegen 0.09/turn

%: no passive effects
@: healing quickly
A: alive, fangs 3, see invisible, vampiric 1
a: Exsanguinate


You were on level 1 of the Dungeon.
You visited 1 branch of the dungeon, and saw 1 of its levels.

Inventory:

Hand Weapons
 a - a +0 dagger (weapon)
Armour
 b - a +0 robe (worn)
 c - a +0 hat (worn)
Potions
 d - a potion of magic


   Skills:
 + Level 0.1 Fighting
 + Level 0.2 Short Blades
 - Level 2.1 Dodging
 - Level 3.0 Stealth
 - Level 3.0 Spellcasting
 - Level 0.6 Conjurations
 - Level 1.0 Summonings
 - Level 0.7 Translocations


You had 5 spell levels left.
You knew the following spells:

 Your Spells              Type           Power      Damage    Failure   Level
a - Magic Dart            Conj           16%        1d3       14%         1

Your spell library contained the following spells:

 Spells                   Type           Power      Damage    Failure   Level
 Slow                     Hex            8%         N/A       19%         1
 Call Imp                 Summ           10%        N/A       19%         2
 Blink                    Tloc           8%         N/A       22%         2
 Cigotuvi's Dreadful Rot  Necr/Pois/Air  4%         N/A       28%         2
 Mephitic Cloud           Conj/Pois/Air  3%         N/A       45%         3


Dungeon Overview and Level Annotations

Branches:
Dungeon (1/15)

Altars:


Innate Abilities, Weirdness & Mutations

Your natural rate of healing is accelerated.
You have razor-sharp teeth.
You have supernaturally acute eyesight. (SInv)
You are afflicted with vampirism.


Message History

HP restored.
A goblin comes into view. It is wielding a +0 club.
The goblin shouts!
A bat comes into view.
There are monsters nearby!
There are monsters nearby!
There are monsters nearby!
Found 2 poisoned darts.
The goblin hits you with a +0 club.
You hit the goblin.
The goblin is moderately wounded.
A hobgoblin comes into view.
The goblin hits you with a +0 club.
The hobgoblin shouts!
You hit the goblin but do no damage.
The goblin is moderately wounded.
The bat hits you. The goblin hits you with a +0 club.
The goblin attacks as you move away! The goblin closely misses you.
The bat hits you but does no damage. The goblin attacks as you move away!
The goblin hits you with a +0 club. The bat barely misses you.
You swing at nothing.
The bat hits you.
You hit the bat. You bite the bat, but do no damage.
The bat is moderately wounded.
The bat hits you.
You hit the goblin.
The goblin is heavily wounded.
The bat barely misses you. The bat hits you but does no damage.
The goblin completely misses you. The bat hits you but does no damage.
You hit the bat but do no damage. The bat misses you. x2
The goblin hits you but does no damage.
You barely miss the bat. The bat hits you. The goblin hits you with a +0 club.
* * * LOW HITPOINT WARNING * * *
The goblin attacks as you move away! The goblin misses you. The bat hits you.
* * * LOW HITPOINT WARNING * * *
The bat closely misses you.
You hit the bat.
The bat is severely wounded.
The bat hits you but does no damage. The goblin hits you with a +0 club.
You die...

♣♣.♣♣
#.#....#
♣.♣.♣♣
#.#....#
♣♣.♣.♣
......# ♣♣.♣♣
##....!#
♣.♣.♣♣ .....
♣♣♣..♣
####.######..
#..#
#.g.........(
#..###
#g###........
#...†### #@#
#.#...###
####...###b#
#.###....
###.....# #.#
#.# #.#####
#.# . #.# #.#
#.# #.# #..
###


You could see a hobgoblin, a goblin and a bat.

Vanquished Creatures
  A hobgoblin (D:1)
1 creature vanquished.

Notes
Turn   | Place    | Note
-------+----------+-------------------------------------------
     0 | D:1      | SnakkuSnakku7 the Vampire Hedge Wizard began the quest for
                  | the Orb.
     0 | D:1      | Reached XP level 1. HP: 13/13 MP: 4/4
    43 | D:1      | Slain by a goblin

Illustrated notes

Levels and vault maps discovered:
D:1:      roderic_dead_forest, layout_basic,
          hellmonk_ecumenical_altar_leap_of_faith

Action                     || total
---------------------------++-------
  Melee: Dagger            ||     9
         Bite              ||     1
 Armour: Robe              ||     5
  Dodge: Dodged            ||    10
